AoeStats
← sock

Arabia

510539821Analyzed
1v1 RM · 18h ago on Oct 1, 2026· 63m 2s· 2 players
Game mode
Random Map
Map size
Tiny (2 player)
Population
200
Speed
Normal
Resources
Standard
Victory
Conquest
Starting age
Dark Age
Ending age
Imperial Age
RankedLock teamsTeams togetherTeam positionsShared explorationLock speedFull tech treeHidden civsTurbo modeCheats
Victory
Defeat
🇬🇧 Japanese · United Kingdom
843
+16
🇪🇸 Mongols · Spain
848
-16
sock
9:43 Feudal Age
9:47 Man-at-Arms
11:26 Arson
13:49 Forging
15:05 Double-Bit Axe
22:30 Castle Age
20:15 Loom
20:51 Fletching
21:17 Scale Mail Armor
21:08 Horse Collar
21:20 Gold Mining
21:22 Stone Mining
23:50 Bow Saw
24:18 Pikeman
24:44 Gambesons
27:21 Wheelbarrow
28:04 Gold Shaft Mining
30:01 Elite Skirmisher
30:53 Elite Skirmisher
33:59 Hand Cart
35:33 Town Watch
39:11 Imperial Age
37:05 Squires
37:42 Iron Casting
37:07 Murder Holes
38:13 Padded Archer Armor
39:03 Bodkin Arrow
39:24 Chain Mail Armor
39:47 Leather Archer Armor
39:31 Capped Ram
41:31 Blast Furnace
42:15 Hoardings
41:39 Halberdier
42:56 Kataparuto
43:56 Town Patrol
44:27 Plate Mail Armor
43:58 Bracer
45:42 Two-Man Saw
44:47 Heavy Plow
45:37 Thumb Ring
47:29 Ring Archer Armor
48:03 Yasama
49:37 Elite Samurai
Alfuum
11:33 Feudal Age
13:54 Loom
15:35 Wheelbarrow
21:02 Castle Age
20:06 Stone Mining
21:58 Gold Mining
22:58 Double-Bit Axe
28:50 Bloodlines
28:40 Husbandry
29:11 Fletching
29:23 Padded Archer Armor
30:55 Thumb Ring
31:05 Forging
32:13 Horse Collar
32:38 Bodkin Arrow
33:11 Bow Saw
34:56 Gold Shaft Mining
35:49 Leather Archer Armor
36:42 Hand Cart
36:14 Town Watch
42:14 Imperial Age
44:13 Iron Casting
43:39 Bracer
44:51 Nomads
46:46 Elite Mangudai
48:16 Conscription
50:25 Blast Furnace
51:13 Chemistry
50:34 Ballistics
51:06 Light Cavalry
51:10 Cavalier
Connection lost

Rejoining the realm…

Still unreachable

The connection could not be restored.

Session expired

The server has moved on; the page needs a fresh start.